 Dungeon Crawl Stone Soup version 0.30.1-11-g7821555f0a (webtiles) character file.

Game seed: 15896253496020032401

30 StoneDemon the Digger (level 3, -3/24 HPs)
             Began as a Demonspawn Earth Elementalist on Jan 12, 2024.
             Slain by a gnoll
             ... wielding a +0 club
              (8 damage)
             ... on level 1 of the Dungeon.
             The game lasted 00:04:19 (745 turns).

StoneDemon the Digger (DsEE)                         Turns: 745, Time: 00:04:19

Health: -3/24      AC:  2    Str:  8    XL:     3   Next: 5%
Magic:  2/6        EV: 12    Int: 16    God:
Gold:   21         SH:  0    Dex: 15    Spells: 3/6 levels left

rFire   . . .        b - +0 dagger
rCold   . . .        (no shield)
rNeg    . . .        a - +0 robe
rPois   .            (no helmet)
rElec   .            (no cloak)
rCorr   .            (no gloves)
SInv    .            (no boots)
Will    .....        (no amulet)
Stlth   ++           (no ring)
HPRegen 0.24/turn    (no ring)
MPRegen 0.10/turn

%: no passive effects
@: weak-willed, on berserk cooldown, attractive, slowed, very slow
A: powered by death 2
a: no special abilities


You were on level 1 of the Dungeon.
You visited 1 branch of the dungeon, and saw 2 of its levels.

You collected 21 gold pieces.

Inventory:

Hand Weapons
 b - a +0 dagger (weapon)
Armour
 a - a +0 robe (worn)
Scrolls
 e - a scroll of fog {unknown}
Potions
 c - a potion of might {unknown}
 g - a potion of berserk rage


   Skills:
 + Level 1.8 Dodging
 + Level 2.1 Stealth
 + Level 2.3 Spellcasting
 + Level 0.8 Transmutations
 + Level 3.4 Earth Magic


You had 3 spell levels left.
You knew the following spells:

 Your Spells              Type           Power      Damage    Failure   Level
a - Sandblast             Erth           24%        2d8       4%          1
b - Passwall              Tmut/Erth      6%         N/A       13%         2

Your spell library contained the following spells:

 Spells                   Type           Power      Damage    Failure   Level
 Scorch                   Fire           2%         2d5       30%         2
 Stone Arrow              Conj/Erth      14%        3d7       30%         3
 Petrify                  Tmut/Erth      8%         N/A       63%         4
 Flame Wave               Conj/Fire      1%         2d4       89%         4
 Summon Cactus Giant      Summ           0%         N/A       100%        6


Dungeon Overview and Level Annotations

Branches:
Dungeon (2/15)

Altars:


Innate Abilities, Weirdness & Mutations

You regenerate health from kills.


Message History

You kill the giant cockroach!
The blast of sand hits the gnoll but does no damage.
The gnoll shouts!
You can't see any susceptible monsters within range! (Use Z to cast anyway.)
The blast of sand hits the gnoll but does no damage.
You miscast Sandblast.
You are very lightly contaminated with residual magic.
Nothing appears to happen.
The gnoll hits you with a +0 club.
The blast of sand hits the gnoll but does no damage.
The gnoll completely misses you. The gnoll hits you with a +0 club.
The blast of sand hits the gnoll but does no damage.
The gnoll hits you with a +0 club.
The blast of sand hits the gnoll but does no damage.
The gnoll hits you with a +0 club. The gnoll barely misses you.
The gnoll attacks as you move away! The gnoll hits you with a +0 club.
Your magical contamination has completely faded away.
As you read the scroll labelled DIM RUBIASMES, it crumbles to dust.
Magic quickly surges around you.
It was a scroll of vulnerability.
The gnoll hits you with a +0 club.
* * * LOW HITPOINT WARNING * * *
As you read the scroll labelled KOAHOEMM KARGH, it crumbles to dust.
You hear a loud clanging noise!
It was a scroll of noise.
You hear an angry hiss. x2; You hear a shout!
The gnoll hits you with a +0 club.
* * * LOW HITPOINT WARNING * * *
Okay, then.
It was a potion of berserk rage.
A red film seems to cover your vision as you go berserk!
You feel yourself moving faster!
You feel mighty! The gnoll completely misses you.
You feel a strong urge to attack something.
You feel your anger nearly subside.
You are no longer berserk.
You are exhausted.
You feel yourself slow down.
It was a potion of attraction.
You feel attractive to monsters. The gnoll hits you with a +0 club!
You die...

. ..# #...#
## #.#.#
#.#.# .
#.#.## #.#.#
.... #...# #
#.##########
..##
#..........#
....
##########.#
#.## #g####
.. #.@..#
### #...)#
### ##...#
#.. ##.##
#.# #.# #.#
###### #.#
#.# #.#
#..... #.#
#.# #.#
#.#### #.#
#.# #†# #.#
#.# #.# #.#
#.#


You could see a gnoll (weak-willed).

Vanquished Creatures
  A worm (D:2)
  5 endoplasms (D:1)
  2 giant cockroaches (D:1)
  2 goblins (D:1)
  2 jackals (D:1)
  2 ball pythons
  6 bats (D:1)
  2 frilled lizards (D:1)
  2 kobolds (D:1)
  2 rats (D:1)
26 creatures vanquished.

Notes
Turn   | Place    | Note
-------+----------+-------------------------------------------
     0 | D:1      | StoneDemon the Demonspawn Earth Elementalist began the
                  | quest for the Orb.
     0 | D:1      | Reached XP level 1. HP: 13/13 MP: 3/3
   159 | D:1      | Reached skill level 3 in Earth Magic
   168 | D:1      | Gained mutation: You regenerate a little health from kills.
                  | [demonic ancestry]
   168 | D:1      | Reached XP level 2. HP: 8/19 MP: 3/5
   340 | D:1      | Learned a level 2 spell: Passwall
   655 | D:1      | Gained mutation: You regenerate health from kills. [demonic
                  | ancestry]
   655 | D:1      | Reached XP level 3. HP: 24/24 MP: 3/6
   745 | D:1      | Slain by a gnoll

Illustrated notes

Levels and vault maps discovered:
D:1:      amcnicky_arrival_blooded_trapdoor, layout_loops_ring, serial_shops,
          nicolae_shop_pleasant_corner_grove
D:2:      layout_basic, shapermc_ecumenical_altar_mp_vishouse

Skill      XL: |  1  2 |
---------------+-------+-----
Earth Magic    | 3 |  3.4
Stealth        | 2 |  2.1
Dodging        | |  1.8
Spellcasting   | |  2.3
Transmutations | |  0.8

Action                     || total
---------------------------++-------
  Melee: Dagger            ||    11
   Cast: Sandblast         ||    38
    Use: Potion            ||     3
         Scroll            ||     2
   Stab: Sleeping          ||     5
 Armour: Robe              ||     7
  Dodge: Dodged            ||    23
